 Dungeon Crawl Stone Soup version 0.29.0-4-gdea44cf6ec (webtiles) character file.

Game seed: 12905097607240758460

11532 qw the Cleaver (level 11, -4/67 HPs)
             Began as a Tengu Warper on Aug 28, 2022.
             Was a High Priest of Okawaru.
             Slain by a cane toad (16 damage)
             ... on level 2 of the Lair of Beasts.
             The game lasted 00:01:30 (13319 turns).

qw the Cleaver (Tengu Warper)                      Turns: 13319, Time: 00:01:31

Health: -4/67      AC: 17    Str: 15    XL:     11   Next: 79%
Magic:  16/18      EV: 12    Int: 13    God:    Okawaru [*****.]
Gold:   335        SH: 12    Dex: 15    Spells: 14/14 levels left

rFire   + . .      SeeInvis +   Y - +1 war axe
rCold   . . .      Faith    .   o - +2 kite shield "Coicotam" {Rampage}
rNeg    . . .      Spirit   .   m - +1 plate armour
rPois   +          Reflect  .   (helmet restricted)
rElec   .          Harm     .   (no cloak)
rCorr   .          Rampage  +   e - +0 pair of gloves
Will    .....                   (boots unavailable)
Stlth   ..........              h - amulet of the acrobat
HPRegen 0.21/turn               f - +4 ring of evasion
MPRegen 0.16/turn               a - ring of the Tarantula {rPois SInv Stlth+}

@: heroic, flying quickly and evasively, quick
A: beak, talons 3, nimble flight, fire resistance 1
a: Renounce Religion, Heroism, Finesse, Duel


You were on level 2 of the Lair of Beasts.
You worshipped Okawaru.
Okawaru was extremely pleased with you.
You visited 2 branches of the dungeon, and saw 11 of its levels.
You also visited: Ossuary.

You collected 786 gold pieces.
You spent 451 gold pieces at shops.


Innate Abilities, Weirdness & Mutations

You have a beak for a mouth.
You have claws for feet.
Your magical nature lets you fly swiftly and evasively.
Your flesh is heat resistant. (rF+)


   Skills:
 - Level 7.0(12.0) Fighting
 - Level 14.0(19.0) Axes
 - Level 1.0(6.0) Throwing
 - Level 6.9(11.9) Armour
 - Level 4.2(9.2) Dodging
 + Level 1.6(6.6) Shields
 - Level 2.0 Spellcasting
 - Level 2.4 Translocations
 + Level 8.0 Invocations


You had 14 spell levels left.
You didn't know any spells.
Your spell library contained the following spells:

 Spells                   Type           Power      Damage    Failure   Level
 Blink                    Tloc           14%        N/A       100%        2
 Gell's Gravitas          Tloc           7%         N/A       100%        3
 Lesser Beckoning         Tloc           7%         N/A       100%        3
 Teleport Other           Tloc           7%         N/A       100%        3
 Manifold Assault         Tloc           7%         N/A       100%        5

Inventory:

Hand Weapons
 k - a +0 flail
 Y - a +1 war axe (weapon)
Missiles
 g - 9 boomerangs (quivered)
Armour
 e - a +0 pair of gloves (worn)
 m - a +1 plate armour (worn)
 o - the +2 kite shield "Coicotam" (worn) {Rampage}
   (Okawaru gifted it to you on level 1 of the Lair of Beasts)

   Rampage:   It bestows one free step when moving towards enemies.
Jewellery
 a - the ring of the Tarantula (right hand) {rPois SInv Stlth+}
   (You found it on level 3 of the Dungeon)

   [ring of poison resistance]

   rPois:     It protects you from poison.
   SInv:      It lets you see invisible.
   Stlth:     It makes you more stealthy.
 c - a +4 ring of slaying {mikee}
 d - a ring of fire
 f - a +4 ring of evasion (left hand)
 h - an amulet of the acrobat (around neck)
 l - the ring "Piatu" {rPois rC- rN++ rCorr}
   (You bought it in a shop on level 6 of the Dungeon)

   [ring of resist corrosion]

   rC:        It makes you vulnerable to cold.
   rPois:     It protects you from poison.
   rN:        It greatly protects you from negative energy.
   rCorr:     It protects you from acid and corrosion.
 u - a ring of poison resistance
Scrolls
 b - 5 scrolls of identify
 p - a scroll of teleportation
Potions
 i - 2 potions of heal wounds
 j - a potion of might
 n - 6 potions of curing
 s - 2 potions of mutation

Dungeon Overview and Level Annotations

Branches:
Dungeon (9/15)             Temple (0/1) D:5            Lair (2/5) D:9
 Shoals (0/4) Lair:2      Ossuary (visited)
  Snake: Lair:2-3    Spider: Lair:2-3       Orc: D:9-12

Altars:
Elyvilon
Gozag
Okawaru
Qazlal
Yredelemnul
Zin
The Shining One

Shops:
D:6 =   D:9 :

Annotations:
D:4 3 runed translucent doors, qw's ghost, amateur TeWr


Message History

The blink frog dies!
The blink frog closely misses you.
Your base Shields skill increases to level 1!
You slash the blink frog!
You kill the blink frog!
Okawaru accepts your kill.
You slash the centaur! You miss the blink frog.
A nearby plant withers and dies.
You block the blink frog's attack.
The centaur unwields a +0 shortbow.
You block the centaur's attack. The centaur kicks you.
The blink frog blinks!
The centaur unwields a +0 shortbow.
The centaur wields a +0 dagger.
You block the centaur's attack.
The centaur kicks you but does no damage.
You slash the centaur!
You kill the centaur!
Okawaru accepts your kill.
You hit the centaur. You barely miss the blink frog.
You block the blink frog's attack. You block the centaur's attack.
The centaur kicks you but does no damage.
Your Invocations skill increases to level 8!
You closely miss the blink frog.
The blink frog is moderately wounded.
You slash the blink frog! You closely miss the centaur.
You hit the cane toad but do no damage. The blink frog hits you!
You block the cane toad's attack. You block the blink frog's attack.
The centaur barely misses you. x2
You hit the blink frog. Your kick misses the blink frog.
You peck the blink frog.
The blink frog is heavily wounded.
You miss the blink frog. You hit the centaur. You slash the cane toad!
The blink frog misses you. The blink frog barely misses you.
You block the cane toad's attack. The centaur hits you with a +0 dagger.
The centaur kicks you.
The blink frog blinks!
You barely miss the blink frog. Your kick misses the blink frog.
The blink frog is heavily wounded.
You hit the centaur. You hit the cane toad but do no damage.
The centaur barely misses you. x2; You block the blink frog's attack.
The cane toad stings you! The centaur hits you with a +0 dagger.
The centaur barely misses you.
The blink frog blinks!
The cane toad stings you!
You die...

..................
#..###.........<........
.....#.....##.####......
PP...#.....P#.###.#.....
...PP...F..##...........
............#....#......
.PPP.......P#....##.....
......c¤...#######......
>..P..F@?..######.......
......F)¤.<.............
........................
..P....#.#.#..#####.##.#
......#..###### .## ##
.....P#P.. # .........#
......#### ##


You could see a cane toad, 2 blink frogs and a centaur.

Vanquished Creatures
  5 elephants (Lair:1)
  Psyche (D:8)
  3 cane toads (Lair:1)
  10 blink frogs
  A wraith (D:9)
  A wyvern (Lair:1)
  10 yaks
  A steam dragon (D:9)
  Edmund (D:5)
  An acid dragon (D:9)
  3 water moccasins
  3 orc warriors
  2 sky beasts
  An ogre (D:5)
  A black bear (D:7)
  4 centaurs
  4 phantoms
  Blork the orc (D:5)
  A kobold brigand (D:7)
  9 bullfrogs
  13 scorpions
  6 wights
  7 killer bees
  A jelly (D:4)
  6 hounds
  3 orc priests (D:9)
  2 iguanas (D:6)
  6 scorpion zombies (Ossuary)
  7 orc wizards
  3 mummies (Ossuary)
  Robin (D:3)
  4 gnolls
  7 adders
  2 shadow imps (D:7)
  4 white imps
  An ufetubus (D:6)
  A worm (D:2)
  2 dart slugs
  32 orcs
  6 bats
  10 endoplasms
  14 giant cockroaches
  13 goblins
  15 hobgoblins
  2 quokkas
  6 ball pythons
  5 frilled lizards
  3 gnoll zombies (Ossuary)
  2 goblin zombies (Ossuary)
  3 hobgoblin zombies (Ossuary)
  16 kobolds
  3 kobold zombies (Ossuary)
  3 orc zombies (Ossuary)
  8 rats
280 creatures vanquished.

Vanquished Creatures (others)
  A blink frog (Lair:2)
  An orc (D:4)
  8 fungi
  12 plants
22 creatures vanquished.

Grand Total: 302 creatures vanquished

Notes
Turn   | Place    | Note
-------+----------+-------------------------------------------
     0 | D:1      | qw the Tengu Warper began the quest for the Orb.
     0 | D:1      | Reached XP level 1. HP: 12/12 MP: 4/4
     0 | D:1      | 0 ||| qw: Version: 0.1-a-89-g26bdef1
     0 | D:1      | 0 ||| qw: Game counter: 976
     0 | D:1      | 0 ||| qw: Always use a shield: true
     0 | D:1      | 0 ||| qw: God list: Okawaru
     0 | D:1      | 0 ||| qw: Allow faded altars: false
     0 | D:1      | 0 ||| qw: Do Orc after D:15 true
     0 | D:1      | 0 ||| qw: Do second Lair branch before Depths: true
     0 | D:1      | 0 ||| qw: Lair rune preference: random
     0 | D:1      | 0 ||| qw: Plans: Normal
     0 | D:1      | 0 ||| PLANNING D:1-11
   307 | D:1      | Reached skill level 3 in Axes
   307 | D:1      | Reached XP level 2. HP: 17/17 MP: 6/6
   313 | D:1      | 313 ||| Stepping ~*~*~tactically~*~*~ (stealth).
   314 | D:1      | 314 ||| Stepping ~*~*~tactically~*~*~ (stealth).
   315 | D:1      | 315 ||| Stepping ~*~*~tactically~*~*~ (stealth).
   315 | D:1      | HP: 4/17 [poisoned by a kobold]
   316 | D:1      | 316 ||| Stepping ~*~*~tactically~*~*~ (stealth).
   327 | D:1      | 327 ||| Stepping ~*~*~tactically~*~*~ (stealth).
   335 | D:1      | 335 ||| Stepping ~*~*~tactically~*~*~ (stealth).
   337 | D:1      | 337 ||| Stepping ~*~*~tactically~*~*~ (stealth).
   338 | D:1      | 338 ||| Stepping ~*~*~tactically~*~*~ (stealth).
   339 | D:1      | 339 ||| Stepping ~*~*~tactically~*~*~ (stealth).
   700 | D:1      | Found a faded altar of an unknown god.
   781 | D:1      | HP: 1/17 [gnoll/+0 flail (8)]
   784 | D:1      | Reached skill level 4 in Axes
   784 | D:1      | Reached XP level 3. HP: 1/21 MP: 7/7
  1065 | D:1      | 1065 ||| DROPPING +0 club.
  1519 | D:1      | 1519 ||| UPGRADING to +2 leather armour of fire resistance.
  1529 | D:1      | 1529 ||| DROPPING +0 leather armour.
  1530 | D:1      | 1530 ||| UPGRADING to amulet of guardian spirit.
  1535 | D:1      | 1535 ||| UPGRADING to +4 ring of evasion.
  1536 | D:1      | 1536 ||| READING scroll labelled BUB KIPPUHERCH.
  1539 | D:1      | 1539 ||| READING scroll labelled WOLIBLAPAE.
  1540 | D:1      | 1540 ||| DROPPING scroll of blinking.
  1910 | D:2      | 1910 ||| Stepping ~*~*~tactically~*~*~ (stealth).
  1911 | D:2      | 1911 ||| SWAPPING to +0 war axe.
  1912 | D:2      | 1912 ||| DROPPING +0 hand axe.
  1931 | D:2      | 1931 ||| Stepping ~*~*~tactically~*~*~ (stealth).
  2152 | D:2      | Reached XP level 4. HP: 26/26 MP: 8/8
  2260 | D:2      | 2260 ||| READING scroll labelled CITROYSELOA.
  2261 | D:2      | 2261 ||| READING scroll labelled NEQ WIHYINOIRHE.
  2262 | D:2      | 2262 ||| DRINKING 2 clear potions.
  2263 | D:2      | 2263 ||| DROPPING potion of invisibility.
  2264 | D:2      | 2264 ||| Stepping randomly (stuck).
  2265 | D:2      | 2265 ||| Stepping ~*~*~tactically~*~*~ (cloud).
  2268 | D:2      | HP: 6/26 [poisoned by you (poison gas)]
  2272 | D:2      | HP: 2/26 [poisoned by you (poison gas)]
  2664 | D:3      | 2664 ||| Stepping ~*~*~tactically~*~*~ (stealth).
  2872 | D:3      | Noticed Robin
  2873 | D:3      | 2873 ||| Stepping ~*~*~tactically~*~*~ (stealth).
  2875 | D:3      | 2875 ||| Stepping ~*~*~tactically~*~*~ (hiding).
  2879 | D:3      | Reached skill level 5 in Axes
  2879 | D:3      | 2879 ||| FLEEEEING.
  2880 | D:3      | 2880 ||| FLEEEEING.
  2881 | D:3      | 2881 ||| FLEEEEING.
  2882 | D:3      | 2882 ||| FLEEEEING.
  2883 | D:3      | 2883 ||| FLEEEEING.
  2884 | D:3      | 2884 ||| FLEEEEING.
  2885 | D:3      | 2885 ||| FLEEEEING.
  2886 | D:3      | 2886 ||| FLEEEEING.
  2887 | D:3      | 2887 ||| FLEEEEING.
  2888 | D:3      | 2888 ||| FLEEEEING.
  2890 | D:3      | 2890 ||| FLEEEEING.
  2891 | D:3      | 2891 ||| FLEEEEING.
  2894 | D:3      | 2894 ||| Stepping ~*~*~tactically~*~*~ (hiding).
  2901 | D:3      | Killed Robin
  2904 | D:3      | 2904 ||| FLEEEEING.
  2905 | D:3      | 2905 ||| FLEEEEING.
  2906 | D:3      | 2906 ||| FLEEEEING.
  2907 | D:3      | 2907 ||| FLEEEEING.
  2908 | D:3      | 2908 ||| FLEEEEING.
  2909 | D:3      | 2909 ||| Stepping ~*~*~tactically~*~*~ (stealth).
  2913 | D:3      | 2913 ||| Stepping ~*~*~tactically~*~*~ (stealth).
  2914 | D:3      | 2914 ||| FLEEEEING.
  2915 | D:3      | 2915 ||| Stepping ~*~*~tactically~*~*~ (stealth).
  2916 | D:3      | 2916 ||| FLEEEEING.
  2917 | D:3      | 2917 ||| FLEEEEING.
  2918 | D:3      | 2918 ||| FLEEEEING.
  2921 | D:3      | 2921 ||| FLEEEEING.
  2922 | D:3      | 2922 ||| FLEEEEING.
  2923 | D:3      | 2923 ||| FLEEEEING.
  2924 | D:3      | 2924 ||| FLEEEEING.
  2925 | D:3      | 2925 ||| FLEEEEING.
  2926 | D:3      | 2926 ||| FLEEEEING.
  2927 | D:3      | 2927 ||| FLEEEEING.
  2928 | D:3      | 2928 ||| FLEEEEING.
  2929 | D:3      | 2929 ||| FLEEEEING.
  2930 | D:3      | 2930 ||| FLEEEEING.
  2931 | D:3      | 2931 ||| FLEEEEING.
  2932 | D:3      | 2932 ||| FLEEEEING.
  2933 | D:3      | 2933 ||| FLEEEEING.
  2934 | D:3      | 2934 ||| STAIRDANCE
  3051 | D:2      | 3051 ||| READING scroll labelled PAIJAS CUVYU.
  3052 | D:2      | 3052 ||| READING 2 scrolls labelled JYMPOANKAENO.
  3164 | D:2      | 3164 ||| READING scroll labelled ZEINWE SUURGH.
  3165 | D:2      | 3165 ||| DRINKING 2 black potions.
  3166 | D:2      | 3166 ||| DROPPING scroll of torment.
  3167 | D:2      | 3167 ||| DROPPING potion of degeneration.
  3170 | D:3      | 3170 ||| STAIRDANCE
  3266 | D:3      | 3266 ||| Stepping ~*~*~tactically~*~*~ (stealth).
  3271 | D:3      | 3271 ||| Stepping ~*~*~tactically~*~*~ (hiding).
  3274 | D:3      | 3274 ||| Stepping ~*~*~tactically~*~*~ (hiding).
  3332 | D:3      | 3332 ||| Stepping ~*~*~tactically~*~*~ (stealth).
  3397 | D:3      | Identified the ring of the Tarantula {rPois SInv Stlth+}
  3447 | D:3      | Gained mutation: Your magical nature lets you fly swiftly
                  | and evasively. [Tengu growth]
  3447 | D:3      | Reached XP level 5. HP: 30/30 MP: 9/9
  3500 | D:3      | 3500 ||| Stepping ~*~*~tactically~*~*~ (stealth).
  3593 | D:3      | Found an iron altar of Okawaru.
  3593 | D:3      | Found a glowing silver altar of Zin.
  3600 | D:3      | Became a worshipper of Warmaster Okawaru
  3601 | D:3      | 3601 ||| REMOVING amulet of guardian spirit.
  3750 | D:3      | 3750 ||| DROPPING amulet of guardian spirit.
  3751 | D:3      | 3751 ||| UPGRADING to ring of the Tarantula {rPois SInv
                  | Stlth+}.
  3803 | D:4      | 3803 ||| PLANNING OSSUARY
  3817 | D:4      | Found a runed translucent gate.
  3818 | D:4      | Found a runed translucent gate.
  3818 | D:4      | Found an opulent altar of Gozag.
  3819 | D:4      | Found a runed translucent gate.
  3821 | D:4      | Noticed qw's ghost (amateur TeWr)
  3851 | D:4      | 3851 ||| Stepping ~*~*~tactically~*~*~ (stealth).
  3899 | D:4      | 3899 ||| DROPPING +0 vorpal war axe.
  3907 | D:4      | 3907 ||| Stepping ~*~*~tactically~*~*~ (hiding).
  4013 | D:4      | 4013 ||| Stepping ~*~*~tactically~*~*~ (stealth).
  4014 | D:4      | 4014 ||| Stepping ~*~*~tactically~*~*~ (stealth).
  4157 | D:4      | Reached skill level 6 in Axes
  4307 | D:4      | Found a sand-covered staircase.
  4308 | D:4      | 4308 ||| DRINKING 2 brown potions.
  4317 | Ossuary  | Entered an ossuary
  4325 | Ossuary  | 4325 ||| Stepping ~*~*~tactically~*~*~ (stealth).
  4328 | Ossuary  | 4328 ||| Stepping ~*~*~tactically~*~*~ (stealth).
  4373 | Ossuary  | 4373 ||| Stepping ~*~*~tactically~*~*~ (stealth).
  4375 | Ossuary  | 4375 ||| Stepping ~*~*~tactically~*~*~ (stealth).
  4377 | Ossuary  | 4377 ||| Stepping ~*~*~tactically~*~*~ (stealth).
  4379 | Ossuary  | 4379 ||| Stepping ~*~*~tactically~*~*~ (stealth).
  4381 | Ossuary  | 4381 ||| Stepping ~*~*~tactically~*~*~ (stealth).
  4383 | Ossuary  | 4383 ||| Stepping ~*~*~tactically~*~*~ (stealth).
  4402 | Ossuary  | 4402 ||| Stepping ~*~*~tactically~*~*~ (stealth).
  4404 | Ossuary  | 4404 ||| Stepping ~*~*~tactically~*~*~ (stealth).
  4406 | Ossuary  | 4406 ||| Stepping ~*~*~tactically~*~*~ (stealth).
  4408 | Ossuary  | 4408 ||| Stepping ~*~*~tactically~*~*~ (stealth).
  4420 | Ossuary  | Reached XP level 6. HP: 27/35 MP: 10/10
  4422 | Ossuary  | Reached skill level 7 in Axes
  4511 | Ossuary  | 4511 ||| Stepping ~*~*~tactically~*~*~ (stealth).
  4513 | Ossuary  | 4513 ||| Stepping ~*~*~tactically~*~*~ (stealth).
  4515 | Ossuary  | 4515 ||| Stepping ~*~*~tactically~*~*~ (stealth).
  4517 | Ossuary  | 4517 ||| Stepping ~*~*~tactically~*~*~ (stealth).
  4532 | Ossuary  | Reached * piety under Okawaru
  4533 | Ossuary  | Reached skill level 3 in Fighting
  4564 | Ossuary  | 4564 ||| Stepping ~*~*~tactically~*~*~ (stealth).
  4577 | Ossuary  | Reached XP level 7. HP: 41/41 MP: 11/11
  4580 | Ossuary  | Reached skill level 1 in Invocations
  4581 | Ossuary  | 4581 ||| Stepping ~*~*~tactically~*~*~ (stealth).
  4588 | Ossuary  | 4588 ||| Stepping ~*~*~tactically~*~*~ (stealth).
  4590 | Ossuary  | 4590 ||| Stepping ~*~*~tactically~*~*~ (stealth).
  4592 | Ossuary  | 4592 ||| Stepping ~*~*~tactically~*~*~ (stealth).
  4594 | Ossuary  | 4594 ||| Stepping ~*~*~tactically~*~*~ (stealth).
  4596 | Ossuary  | 4596 ||| Stepping ~*~*~tactically~*~*~ (stealth).
  4640 | Ossuary  | Reached skill level 3 in Dodging
  4668 | Ossuary  | 4668 ||| INVOKING Heroism.
  4672 | Ossuary  | 4672 ||| Stepping ~*~*~tactically~*~*~ (stealth).
  4693 | Ossuary  | 4693 ||| Stepping ~*~*~tactically~*~*~ (stealth).
  4695 | Ossuary  | 4695 ||| Stepping ~*~*~tactically~*~*~ (stealth).
  4730 | Ossuary  | 4730 ||| Stepping ~*~*~tactically~*~*~ (stealth).
  4732 | Ossuary  | 4732 ||| Stepping ~*~*~tactically~*~*~ (stealth).
  4734 | Ossuary  | 4734 ||| Stepping ~*~*~tactically~*~*~ (stealth).
  4736 | Ossuary  | 4736 ||| Stepping ~*~*~tactically~*~*~ (stealth).
  4738 | Ossuary  | 4738 ||| Stepping ~*~*~tactically~*~*~ (stealth).
  4741 | Ossuary  | 4741 ||| Stepping ~*~*~tactically~*~*~ (stealth).
  4743 | Ossuary  | 4743 ||| Stepping ~*~*~tactically~*~*~ (stealth).
  4745 | Ossuary  | 4745 ||| Stepping ~*~*~tactically~*~*~ (stealth).
  4747 | Ossuary  | 4747 ||| Stepping ~*~*~tactically~*~*~ (stealth).
  4749 | Ossuary  | 4749 ||| Stepping ~*~*~tactically~*~*~ (stealth).
  4750 | Ossuary  | 4750 ||| Stepping ~*~*~tactically~*~*~ (stealth).
  4753 | Ossuary  | 4753 ||| Stepping ~*~*~tactically~*~*~ (stealth).
  4754 | Ossuary  | 4754 ||| Stepping ~*~*~tactically~*~*~ (stealth).
  4757 | Ossuary  | 4757 ||| Stepping ~*~*~tactically~*~*~ (stealth).
  4760 | Ossuary  | 4760 ||| Stepping ~*~*~tactically~*~*~ (stealth).
  4768 | Ossuary  | 4768 ||| Stepping ~*~*~tactically~*~*~ (stealth).
  4771 | Ossuary  | 4771 ||| Stepping ~*~*~tactically~*~*~ (stealth).
  4773 | Ossuary  | 4773 ||| Stepping ~*~*~tactically~*~*~ (stealth).
  4777 | Ossuary  | 4777 ||| Stepping ~*~*~tactically~*~*~ (stealth).
  4779 | Ossuary  | 4779 ||| Stepping ~*~*~tactically~*~*~ (stealth).
  4861 | Ossuary  | 4861 ||| Stepping ~*~*~tactically~*~*~ (stealth).
  4863 | Ossuary  | 4863 ||| Stepping ~*~*~tactically~*~*~ (stealth).
  4870 | Ossuary  | 4870 ||| INVOKING Heroism.
  4878 | Ossuary  | Reached skill level 8 in Axes
  4878 | Ossuary  | Reached skill level 3 in Invocations
  4878 | Ossuary  | Reached XP level 8. HP: 44/46 MP: 9/12
  4905 | Ossuary  | Reached ** piety under Okawaru
  4981 | Ossuary  | 4981 ||| READING scroll labelled ITOISE ZIFIZXI.
  4982 | Ossuary  | 4982 ||| READING scroll labelled OQEYNW IWECW.
  4983 | Ossuary  | 4983 ||| READING scroll labelled MEINIGEMIM.
  4984 | Ossuary  | 4984 ||| READING scroll labelled UCWOILITZAN.
  4985 | Ossuary  | 4985 ||| DRINKING 3 red potions.
  5086 | Ossuary  | 5086 ||| DROPPING 2 potions of ambrosia.
  5122 | D:4      | 5122 ||| PLANNING D:1-11
  5211 | D:4      | 5211 ||| Stepping ~*~*~tactically~*~*~ (stealth).
  5255 | D:4      | 5255 ||| Stepping ~*~*~tactically~*~*~ (stealth).
  5256 | D:4      | 5256 ||| Stepping ~*~*~tactically~*~*~ (stealth).
  5258 | D:4      | 5258 ||| Stepping ~*~*~tactically~*~*~ (stealth).
  5260 | D:4      | 5260 ||| Stepping ~*~*~tactically~*~*~ (stealth).
  5262 | D:4      | 5262 ||| Stepping ~*~*~tactically~*~*~ (stealth).
  5263 | D:4      | 5263 ||| Stepping ~*~*~tactically~*~*~ (stealth).
  5270 | D:4      | 5270 ||| FLEEEEING.
  5271 | D:4      | 5271 ||| FLEEEEING.
  5272 | D:4      | 5272 ||| FLEEEEING.
  5273 | D:4      | 5273 ||| FLEEEEING.
  5288 | D:4      | 5288 ||| INVOKING Heroism.
  5291 | D:4      | 5291 ||| Stepping ~*~*~tactically~*~*~ (stealth).
  5310 | D:4      | 5310 ||| FLEEEEING.
  5313 | D:4      | 5313 ||| FLEEEEING.
  5351 | D:4      | 5351 ||| FLEEEEING.
  5352 | D:4      | 5352 ||| FLEEEEING.
  5353 | D:4      | 5353 ||| FLEEEEING.
  5473 | D:4      | 5473 ||| Stepping ~*~*~tactically~*~*~ (stealth).
  5490 | D:4      | 5490 ||| Stepping ~*~*~tactically~*~*~ (stealth).
  5672 | D:4      | 5672 ||| Stepping randomly (stuck).
  5818 | D:5      | Entered Level 5 of the Dungeon
  5829 | D:5      | 5829 ||| Stepping ~*~*~tactically~*~*~ (stealth).
  5882 | D:5      | 5882 ||| INVOKING Heroism.
  6067 | D:5      | Noticed Edmund
  6068 | D:5      | 6068 ||| INVOKING Heroism.
  6071 | D:5      | 6071 ||| Stepping ~*~*~tactically~*~*~ (stealth).
  6072 | D:5      | 6072 ||| Stepping ~*~*~tactically~*~*~ (stealth).
  6074 | D:5      | 6074 ||| Stepping ~*~*~tactically~*~*~ (stealth).
  6079 | D:5      | Killed Edmund
  6080 | D:5      | Reached skill level 9 in Axes
  6090 | D:5      | 6090 ||| Stepping ~*~*~tactically~*~*~ (stealth).
  6092 | D:5      | 6092 ||| Stepping ~*~*~tactically~*~*~ (stealth).
  6094 | D:5      | 6094 ||| Stepping ~*~*~tactically~*~*~ (stealth).
  6096 | D:5      | 6096 ||| Stepping ~*~*~tactically~*~*~ (stealth).
  6098 | D:5      | 6098 ||| Stepping ~*~*~tactically~*~*~ (stealth).
  6100 | D:5      | 6100 ||| Stepping ~*~*~tactically~*~*~ (stealth).
  6102 | D:5      | 6102 ||| Stepping ~*~*~tactically~*~*~ (stealth).
  6104 | D:5      | 6104 ||| Stepping ~*~*~tactically~*~*~ (stealth).
  6106 | D:5      | 6106 ||| Stepping ~*~*~tactically~*~*~ (stealth).
  6108 | D:5      | 6108 ||| Stepping ~*~*~tactically~*~*~ (stealth).
  6189 | D:5      | 6189 ||| Stepping ~*~*~tactically~*~*~ (stealth).
  6202 | D:5      | 6202 ||| INVOKING Heroism.
  6469 | D:5      | Found a staircase to the Ecumenical Temple.
  6469 | D:5      | Noticed Blork the orc
  6470 | D:5      | 6470 ||| INVOKING Heroism.
  6477 | D:5      | Killed Blork the orc
  6479 | D:5      | 6479 ||| Stepping ~*~*~tactically~*~*~ (stealth).
  6485 | D:5      | 6485 ||| Stepping ~*~*~tactically~*~*~ (stealth).
  6488 | D:5      | 6488 ||| FLEEEEING.
  6489 | D:5      | 6489 ||| FLEEEEING.
  6490 | D:5      | 6490 ||| FLEEEEING.
  6491 | D:5      | 6491 ||| FLEEEEING.
  6492 | D:5      | 6492 ||| FLEEEEING.
  6493 | D:5      | 6493 ||| FLEEEEING.
  6494 | D:5      | 6494 ||| FLEEEEING.
  6495 | D:5      | 6495 ||| FLEEEEING.
  6496 | D:5      | 6496 ||| FLEEEEING.
  6497 | D:5      | 6497 ||| FLEEEEING.
  6498 | D:5      | 6498 ||| FLEEEEING.
  6499 | D:5      | 6499 ||| FLEEEEING.
  6502 | D:5      | 6502 ||| FLEEEEING.
  6503 | D:5      | 6503 ||| FLEEEEING.
  6504 | D:5      | 6504 ||| FLEEEEING.
  6505 | D:5      | 6505 ||| FLEEEEING.
  6506 | D:5      | 6506 ||| FLEEEEING.
  6507 | D:5      | 6507 ||| FLEEEEING.
  6508 | D:5      | 6508 ||| FLEEEEING.
  6509 | D:5      | 6509 ||| FLEEEEING.
  6510 | D:5      | 6510 ||| FLEEEEING.
  6511 | D:5      | 6511 ||| FLEEEEING.
  6512 | D:5      | 6512 ||| FLEEEEING.
  6513 | D:5      | 6513 ||| FLEEEEING.
  6514 | D:5      | 6514 ||| FLEEEEING.
  6728 | D:5      | 6728 ||| Stepping ~*~*~tactically~*~*~ (stealth).
  6736 | D:5      | Reached XP level 9. HP: 51/52 MP: 13/13
  6942 | D:5      | 6942 ||| DROPPING +0 ring mail.
  6943 | D:5      | 6943 ||| UPGRADING to +3 scale mail of positive energy.
  6953 | D:5      | 6953 ||| DROPPING +2 leather armour of fire resistance.
  6954 | D:5      | 6954 ||| DROPPING ring of willpower.
  6955 | D:5      | 6955 ||| READING scroll labelled YXUFESMAVOWK.
  6956 | D:5      | 6956 ||| READING scroll labelled ZIHUAG TUPTAI.
  6957 | D:5      | 6957 ||| DRINKING 2 blue potions.
  6958 | D:5      | 6958 ||| DRINKING 2 bubbling sapphire potions.
  6959 | D:5      | 6959 ||| READING 2 scrolls of identify.
  6959 | D:5      | 6959 ||| IDENTIFYING viscous orange potion
  6960 | D:5      | 6960 ||| DROPPING potion of lignification.
  7297 | D:6      | Reached skill level 10 in Axes
  7330 | D:6      | 7330 ||| Stepping ~*~*~tactically~*~*~ (stealth).
  7387 | D:6      | Found Wilel's One-of-a-Kind Rings.
  7389 | D:6      | 7389 ||| Stepping ~*~*~tactically~*~*~ (stealth).
  7405 | D:6      | 7405 ||| SHOPLISTING +6 ring of evasion (1014 gold, have
                  | 458).
  7405 | D:6      | 7405 ||| SHOPLISTING +6 ring of protection (1014 gold, have
                  | 458).
  7405 | D:6      | 7405 ||| SHOPLISTING ring "Cyetz" {*Slow AC+4 Int+4 Dex+4
                  | SInv} (759 gold, have 458).
  7405 | D:6      | 7405 ||| BUYING ring "Piatu" {rPois rC- rN++ rCorr} (451
                  | gold).
  7405 | D:6      | Bought the ring "Piatu" {rPois rC- rN++ rCorr} for 451 gold
                  | pieces
  7593 | D:6      | 7593 ||| Stepping ~*~*~tactically~*~*~ (stealth).
  7595 | D:6      | 7595 ||| Stepping ~*~*~tactically~*~*~ (stealth).
  7689 | D:6      | 7689 ||| Stepping ~*~*~tactically~*~*~ (stealth).
  7691 | D:6      | 7691 ||| Stepping ~*~*~tactically~*~*~ (hiding).
  7727 | D:6      | Found a stormy altar of Qazlal.
  7731 | D:6      | 7731 ||| INVOKING Heroism.
  8145 | D:6      | 8145 ||| DRINKING 2 glowing orange potions.
  8146 | D:6      | 8146 ||| DRINKING 2 viscous dark potions.
  8146 | D:6      | Gained mutation: Your flesh is heat resistant. (rF+)
                  | [potion of mutation]
  8147 | D:6      | 8147 ||| DROPPING potion of brilliance.
  8237 | D:7      | 8237 ||| Stepping ~*~*~tactically~*~*~ (hiding).
  8238 | D:7      | 8238 ||| Stepping ~*~*~tactically~*~*~ (hiding).
  8239 | D:7      | 8239 ||| Stepping ~*~*~tactically~*~*~ (hiding).
  8240 | D:7      | 8240 ||| Stepping ~*~*~tactically~*~*~ (hiding).
  8376 | D:7      | 8376 ||| Stepping ~*~*~tactically~*~*~ (hiding).
  8377 | D:7      | 8377 ||| Stepping ~*~*~tactically~*~*~ (hiding).
  8378 | D:7      | 8378 ||| Stepping ~*~*~tactically~*~*~ (hiding).
  8404 | D:7      | 8404 ||| Stepping ~*~*~tactically~*~*~ (stealth).
  8522 | D:7      | 8522 ||| INVOKING Heroism.
  8527 | D:7      | Reached *** piety under Okawaru
  8528 | D:7      | Reached skill level 11 in Axes
  8565 | D:7      | 8565 ||| Stepping ~*~*~tactically~*~*~ (stealth).
  8566 | D:7      | 8566 ||| INVOKING Heroism.
  8569 | D:7      | 8569 ||| Stepping ~*~*~tactically~*~*~ (stealth).
  8630 | D:7      | 8630 ||| Stepping ~*~*~tactically~*~*~ (stealth).
  8632 | D:7      | 8632 ||| Stepping ~*~*~tactically~*~*~ (stealth).
  8636 | D:7      | 8636 ||| Stepping ~*~*~tactically~*~*~ (stealth).
  8697 | D:7      | 8697 ||| Stepping ~*~*~tactically~*~*~ (stealth).
  8698 | D:7      | 8698 ||| Stepping ~*~*~tactically~*~*~ (stealth).
  8721 | D:7      | Reached skill level 12 in Axes
  8766 | D:7      | Received a gift from Okawaru
  8771 | D:7      | Reached skill level 3 in Armour
  8783 | D:7      | 8783 ||| Stepping ~*~*~tactically~*~*~ (stealth).
  8796 | D:7      | 8796 ||| Stepping ~*~*~tactically~*~*~ (stealth).
  8807 | D:7      | 8807 ||| INVOKING Heroism.
  8951 | D:7      | 8951 ||| Stepping ~*~*~tactically~*~*~ (stealth).
  9233 | D:7      | 9233 ||| UPGRADING to +0 plate armour.
  9243 | D:7      | 9243 ||| DROPPING +3 scale mail of positive energy.
  9244 | D:7      | 9244 ||| UPGRADING to amulet of the acrobat.
  9249 | D:7      | 9249 ||| DRINKING 2 smoky yellow potions.
  9354 | D:7      | 9354 ||| READING 3 scrolls of identify.
  9354 | D:7      | 9354 ||| IDENTIFYING bubbling blue potion
  9355 | D:7      | 9355 ||| READING 2 scrolls of identify.
  9355 | D:7      | 9355 ||| IDENTIFYING golden potion
  9356 | D:7      | 9356 ||| DROPPING potion of flight.
  9357 | D:7      | 9357 ||| DROPPING potion of attraction.
  9358 | D:7      | 9358 ||| DROPPING potion of berserk rage.
  9555 | D:8      | 9555 ||| Stepping ~*~*~tactically~*~*~ (hiding).
  9569 | D:8      | 9569 ||| INVOKING Heroism.
  9572 | D:8      | Reached XP level 10. HP: 41/59 MP: 11/14
  9667 | D:8      | 9667 ||| Stepping ~*~*~tactically~*~*~ (stealth).
  9671 | D:8      | 9671 ||| INVOKING Heroism.
  9765 | D:8      | Found a glowing golden altar of the Shining One.
  9816 | D:8      | Noticed Psyche
  9817 | D:8      | 9817 ||| INVOKING Heroism.
  9825 | D:8      | Killed Psyche
  9826 | D:8      | Reached skill level 6 in Fighting
  9877 | D:8      | 9877 ||| INVOKING Heroism.
 10098 | D:8      | Identified the +4 short sword of Geefun {vorpal, Fragile
                  | rC+ rN+ Str+3}
 10273 | D:8      | 10273 ||| READING scroll of enchant armour.
 10273 | D:8      | 10273 ||| ENCHANTING +0 plate armour.
 10426 | D:8      | 10426 ||| DROPPING +6 ring of strength.
 10450 | D:9      | Found Huneoff Sigh's Book Boutique.
 10454 | D:9      | Reached skill level 6 in Armour
 10492 | D:9      | 10492 ||| INVOKING Heroism.
 10573 | D:9      | 10573 ||| FLEEEEING.
 10574 | D:9      | 10574 ||| FLEEEEING.
 10575 | D:9      | 10575 ||| FLEEEEING.
 10666 | D:9      | Found a staircase to the Lair.
 10737 | D:9      | Found a white marble altar of Elyvilon.
 10802 | D:9      | 10802 ||| Stepping ~*~*~tactically~*~*~ (stealth).
 10812 | D:9      | 10812 ||| Stepping ~*~*~tactically~*~*~ (stealth).
 10816 | D:9      | 10816 ||| Stepping ~*~*~tactically~*~*~ (hiding).
 10890 | D:9      | Reached **** piety under Okawaru
 11015 | D:9      | 11015 ||| Stepping ~*~*~tactically~*~*~ (hiding).
 11017 | D:9      | 11017 ||| INVOKING Heroism.
 11031 | D:9      | Reached skill level 13 in Axes
 11114 | D:9      | Found a basalt altar of Yredelemnul.
 11316 | D:9      | 11316 ||| INVOKING Heroism.
 11503 | D:9      | 11503 ||| PLANNING LAIR
 11503 | D:9      | 11503 ||| DROPPING ring of ice.
 11548 | Lair:1   | Entered Level 1 of the Lair of Beasts
 11563 | Lair:1   | 11563 ||| INVOKING Heroism.
 11580 | Lair:1   | 11580 ||| INVOKING Heroism.
 11737 | Lair:1   | Noticed a cane toad
 11738 | Lair:1   | 11738 ||| INVOKING Heroism.
 11747 | Lair:1   | Killed a cane toad
 11748 | Lair:1   | Reached XP level 11. HP: 51/64 MP: 14/16
 11843 | Lair:1   | 11843 ||| Stepping ~*~*~tactically~*~*~ (stealth).
 11864 | Lair:1   | 11864 ||| Stepping ~*~*~tactically~*~*~ (stealth).
 11869 | Lair:1   | 11869 ||| INVOKING Heroism.
 11876 | Lair:1   | Reached skill level 6 in Invocations
 11894 | Lair:1   | Reached ***** piety under Okawaru
 11901 | Lair:1   | Reached skill level 14 in Axes
 11903 | Lair:1   | 11903 ||| INVOKING Heroism.
 11904 | Lair:1   | HP: 16/64 [elephant (5)]
 11905 | Lair:1   | 11905 ||| READING 3 scrolls of teleportation.
 11906 | Lair:1   | 11906 ||| DRINKING 4 potions of heal wounds.
 11920 | Lair:1   | 11920 ||| INVOKING Heroism.
 12237 | Lair:1   | 12237 ||| Stepping ~*~*~tactically~*~*~ (stealth).
 12240 | Lair:1   | 12240 ||| INVOKING Heroism.
 12243 | Lair:1   | 12243 ||| Stepping ~*~*~tactically~*~*~ (stealth).
 12251 | Lair:1   | 12251 ||| Stepping ~*~*~tactically~*~*~ (stealth).
 12264 | Lair:1   | 12264 ||| INVOKING Heroism.
 12281 | Lair:1   | HP: 13/66 [yak (5)]
 12282 | Lair:1   | 12282 ||| READING 2 scrolls of teleportation.
 12283 | Lair:1   | 12283 ||| DRINKING 3 potions of heal wounds.
 12675 | Lair:1   | 12675 ||| INVOKING Heroism.
 12681 | Lair:1   | Identified the +2 kite shield "Coicotam" {Rampage} (Okawaru
                  | gifted it to you on level 1 of the Lair of Beasts)
 12681 | Lair:1   | Received a gift from Okawaru
 12791 | Lair:1   | 12791 ||| INVOKING Heroism.
 12951 | Lair:1   | 12951 ||| INVOKING Heroism.
 13257 | Lair:1   | 13257 ||| UPGRADING to +0 pair of gloves.
 13262 | Lair:1   | 13262 ||| UPGRADING to +2 kite shield "Coicotam" {Rampage}.
 13306 | Lair:2   | 13306 ||| INVOKING Heroism.
 13308 | Lair:2   | Found a staircase to the Shoals.
 13315 | Lair:2   | Reached skill level 1 in Shields
 13319 | Lair:2   | HP: 16/67 [cane toad (10)]
 13319 | Lair:2   | Slain by a cane toad

Levels and vault maps discovered:
D:1:      dpeg_arrival_central, layout_basic, ebering_ecumenical_altar_rust,
          minmay_misc_feat_secret_circle, nicolae_grassy_gnolls
D:2:      layout_loops_cross, minivault_4
D:3:      minmay_roachtagon, layout_basic, gammafunk_temple_overflow_pools,
          guppyfry_early_lair_pool, uniq_robin
D:4:      layout_rooms, serial_rivers, chequers_serial_rivers_small_3,
          chequers_serial_rivers_micro_c, chequers_serial_rivers_micro_a,
          chequers_serial_rivers_micro_e, enter_ossuary_1, ebering_ghost_gozag,
          lemuel_flame_loot_1
D:5:      layout_basic, minmay_temple_entry_waves, uniq_edmund,
          uniq_blork_the_orc
D:6:      layout_basic, mainiacjoe_overflow_concentric_impassable,
          nicolae_shop_unique_rings
D:7:      wad_river_or_something, layout_cave_pools, supply_closet_lemuel,
          minmay_holes
D:8:      layout_basic, lemuel_crystal_altar, st_stairs_9, uniq_psyche
D:9:      layout_irregular_city, kennysheep_ying_yang, dpeg_oklobed_lair,
          serial_shops, nicolae_stop_n_shop_1
Lair:1:   layout_roguey
Lair:2:   layout_regular_city, minmay_shoals_entry_centaurs

Skill      XL: |  1  2  3  4  5  6  7  8  9 10 11 |
---------------+----------------------------------+-----
Axes           | 3 4 5 6 7 8 9 12 13 14 | 14.0
Fighting       | 3 4 5 6 7 |  7.0
Invocations    | 3 4 5 8 |  8.0
Dodging        | 3 4 |  4.2
Armour         | 4 6 |  6.9
Shields        | 1 |  1.6
Throwing       | |  1.0
Spellcasting   | |  2.0
Translocations | |  2.4

Action                   |  1- 3 |  4- 6 |  7- 9 | 10-12 || total
-------------------------+-------+-------+-------+-------++-------
Melee: Hand axe          |    64 |       |       |       ||    64
       Kick              |    15 |    43 |    90 |    91 ||   239
       Peck              |     9 |    23 |    43 |    61 ||   136
       War axe           |    17 |   155 |   285 |   272 ||   729
       Punch             |       |     5 |     5 |    11 ||    21
Throw: Boomerang         |     7 |     9 |   120 |    57 ||   193
Invok: Heroism           |       |       |    12 |    18 ||    30
  Use: Scroll            |     2 |     5 |     9 |     3 ||    19
       Potion            |       |     3 |     6 |     2 ||    11
 Stab: Sleeping          |       |     2 |       |       ||     2
Armor: Leather armour    |    18 |    30 |    22 |       ||    70
       Scale mail        |       |       |    22 |       ||    22
       Plate armour      |       |       |     5 |    94 ||    99
Dodge: Dodged            |    47 |   126 |   160 |   139 ||   472
Block: Kite shield       |       |       |       |    20 ||    20

Table legend:
 A = Non-vault XP
 B = Vault XP
 C = Vault XP percentage of total XP
 D = Non-vault monster count
 E = Vault monster count
 F = Vault count percentage of total count
                 A         B        C        D         E       F
            +---------+---------+-------+---------+---------+-------
      Total |   13689 |    2786 |  16.9 |     206 |      75 |  26.7
            +---------+---------+-------+---------+---------+-------
        D:1 |      36 |      15 |  29.4 |      25 |       1 |   3.8
        D:2 |      38 |       2 |   5.0 |      16 |       1 |   5.9
        D:3 |      34 |      59 |  63.4 |      19 |      23 |  54.8
        D:4 |     207 |       0 |   0.0 |      20 |       0 |   0.0
        D:5 |     614 |     257 |  29.5 |      14 |       2 |  12.5
        D:6 |     535 |       0 |   0.0 |      20 |       0 |   0.0
        D:7 |    1199 |     328 |  21.5 |      27 |       8 |  22.9
        D:8 |     783 |     667 |  46.0 |      13 |       4 |  23.5
        D:9 |    2017 |       0 |   0.0 |      23 |       0 |   0.0
     Lair:1 |    7732 |       0 |   0.0 |      27 |       0 |   0.0
     Lair:2 |     494 |     337 |  40.6 |       2 |       3 |  60.0
    Ossuary |       0 |    1121 | 100.0 |       0 |      33 | 100.0
            +---------+---------+-------+---------+---------+-------
